 Dungeon Crawl Stone Soup version 0.27.1-33-g824d729ab1 (webtiles) character file.

Game seed: 4339730726335350007

22 halfoni the Chopper (level 3, 0/29 HPs)
             Began as a Human Berserker on Dec 18, 2021.
             Was a Follower of Trog.
             Slain by a quokka (5 damage)
             ... on level 1 of the Dungeon.
             The game lasted 00:01:41 (1038 turns).

halfoni the Chopper (Human Berserker)               Turns: 1038, Time: 00:01:42

Health: 0/29       AC:  2    Str: 18    XL:     3   Next: 7%
Magic:  3/3        EV: 11    Int:  7    God:    Trog [*.....]
Gold:   8          SH:  3    Dex: 12    Spells: 2/2 levels left

rFire    . . .     SeeInvis .   a - +0 hand axe
rCold    . . .     Faith    .   d - +0 buckler
rNeg     . . .     Spirit   .   b - +0 animal skin
rPois    .         Reflect  .   (no helmet)
rElec    .         Harm     .   (no cloak)
rCorr    .         Rampage  .   (no gloves)
Will     .....                  (no boots)
Stlth    +.........             (no amulet)
HPRegen  0.09/turn              (no ring)
MPRegen  0.08/turn              (no ring)

@: no status effects
A: no striking features
a: Renounce Religion, Berserk


You were on level 1 of the Dungeon.
You worshipped Trog.
Trog was aware of your devotion.
You visited 1 branch of the dungeon, and saw 1 of its levels.

You collected 8 gold pieces.

Inventory:

Hand Weapons
 a - a +0 hand axe (weapon)
Armour
 b - a +0 animal skin (worn)
 d - a +0 buckler (worn)
 g - a +0 cloak
Scrolls
 c - a scroll of identify {unknown}
 e - a scroll of fog {unknown}
Potions
 f - a potion of haste {unknown}


   Skills:
 + Level 3.3 Fighting
 + Level 3.3 Axes
 * Level 2.1 Armour
 + Level 2.1 Dodging
 * Level 0.6 Shields


You had 2 spell levels left.
You didn't know any spells.
Your spell library was empty.

Dungeon Overview and Level Annotations

Branches:
Dungeon (1/15)

Altars:


Message History

Increase (S)trength, (I)ntelligence, or (D)exterity?
You feel stronger.
Unknown command.
You see here a +0 hand axe.
You feel a strong urge to attack something.
You feel your anger nearly subside.
You are no longer berserk.
You are exhausted.
You feel yourself slow down.
The endoplasm jiggles.
The endoplasm jiggles.
The endoplasm closely misses you.
You barely miss the endoplasm. The endoplasm freezes you.
You are frozen.
* * * LOW HITPOINT WARNING * * *
The endoplasm barely misses you.
You hit the endoplasm.
The endoplasm is heavily wounded.
The endoplasm hits you.
* * * LOW HITPOINT WARNING * * *
The endoplasm barely misses you.
You hit the endoplasm.
You kill the endoplasm!
Trog accepts your kill.
You start resting.
You feel yourself speed up.
You start resting.
You recover from your berserk rage.
You start resting.
A quokka is nearby!
A quokka is nearby!
You see here a +0 cloak.
g - a +0 cloak The quokka bites you.
You completely miss the quokka. The quokka bites you.
* * * LOW HITPOINT WARNING * * *
The quokka bites you.
* * * LOW HITPOINT WARNING * * *
You closely miss the quokka. The quokka bites you.
You die...

#.....## #.._.#.........÷.#
#......## ##.#.....#.........
#.......# ###..#...............
####.##.###..........(.........
#.....#......)..............
###..)......##....#.........
###.#........#..##.......#
##.#...#.#........#.#.###
#########......r@...........#.###
....##......#..###..........#..##
........###..>.# #...........#.##
..!.....#...##r# #.........#...##
.†.)..###.####.###.........###..#
..).............####..#...##.....
........####......##.........#...
.......## ##.####.##...#...#....#
.......####..##.......#......##.#


You could see a quokka.

Vanquished Creatures
  2 dart slugs (D:1)
  2 ball pythons (D:1)
  An endoplasm (D:1)
  A giant cockroach (D:1)
  A goblin (D:1)
  3 quokkas (D:1)
  A frilled lizard (D:1)
  3 kobolds (D:1)
  4 rats (D:1)
18 creatures vanquished.

Notes
Turn   | Place    | Note
-------+----------+-------------------------------------------
     0 | D:1      | halfoni the Human Berserker began the quest for the Orb.
     0 | D:1      | Reached XP level 1. HP: 18/18 MP: 1/1
   559 | D:1      | Found a faded altar of an unknown god.
   570 | D:1      | Reached XP level 2. HP: 22/24 MP: 2/2
   933 | D:1      | Reached XP level 3. HP: 14/29 MP: 3/3
  1038 | D:1      | Slain by a quokka

Illustrated notes

Levels and vault maps discovered:
D:1:      minmay_arrival_plants_in_alcoves, layout_rooms, basic_ecumenical_altar

Action                   || total
-------------------------++-------
Melee: Hand axe          ||    55
Invok: Berserk           ||     3
Armor: Animal skin       ||    12
Dodge: Dodged            ||    31
Block: Buckler           ||     3
